 Dungeon Crawl Stone Soup version 0.30-a0-996-ga6910c8ee8 (webtiles) character file.

Game seed: 8743206423267583960

626 jimonade the Sneak (level 7, -7/36 HPs)
             Began as a Vine Stalker Brigand on Apr 4, 2023.
             Was an Initiate of Dithmenos.
             Mangled by Duvessa
             ... wielding a +0 short sword
              (9 damage)
             ... on level 4 of the Dungeon.
             The game lasted 00:09:58 (3566 turns).

jimonade the Sneak (Vine Stalker Brigand)           Turns: 3566, Time: 00:09:58

Health: -7/36      AC:  6    Str: 13    XL:     7   Next: 47%
Magic:  0/8        EV: 12    Int: 13    God:    Dithmenos [......]
Gold:   114        SH:  0    Dex: 16    Spells: 6/6 levels left

rFire   . . .      SeeInvis .    a - +3 dagger
rCold   . . .      Faith    .    (no shield)
rNeg    + . .      Spirit   +    r - +2 robe {rN+}
rPois   .          Reflect  .    w - +0 helmet
rElec   .          Rampage  .    c - +0 cloak
rCorr   .                        (no gloves)
Will    +....                    (no boots)
Stlth   ++++                     (no amulet)
HPRegen 1.06/turn                h - ring of willpower
MPRegen 0.11/turn                (no ring)

@: brilliant, about to teleport
A: fangs 2, regeneration 1, magic shield, antimagic bite, no potion heal 2
a: Renounce Religion


You were on level 4 of the Dungeon.
You worshipped Dithmenos.
Dithmenos was noncommittal.
You visited 1 branch of the dungeon, and saw 4 of its levels.

You collected 114 gold pieces.

Inventory:

Hand Weapons
 a - a +3 dagger (weapon)
 b - a +0 sling
 l - a +0 spear
 u - a +2 trident of protection
Missiles
 d - 19 poisoned darts (quivered)
 e - 3 curare-tipped darts
 i - 50 stones
Armour
 c - a +0 cloak (worn)
 g - a +0 robe
 k - a +0 chain mail
 p - a +0 plate armour
 r - a +2 robe of positive energy (worn)
 s - a +0 ring mail
 w - a +0 helmet (worn)
Jewellery
 h - a ring of willpower (left hand)
Wands
 n - a wand of roots (18)
Scrolls
 f - 2 scrolls of immolation
 o - 2 scrolls of identify
Potions
 m - 2 potions of curing {unknown}
 q - 3 potions of heal wounds
 t - a potion of might {unknown}


   Skills:
 + Level 3.2 Fighting
 + Level 4.2 Short Blades
 + Level 2.0 Throwing
 + Level 2.5 Dodging
 + Level 7.9 Stealth


You had 6 spell levels left.
You didn't know any spells.
Your spell library contained the following spells:

 Spells                   Type           Power      Damage    Failure   Level
 Apportation              Tloc           0%         N/A       30%         1
 Kiss of Death            Conj/Necr      0%         2d5       30%         1
 Necrotise                Necr           0%         1d4       30%         1
 Sandblast                Erth           0%         2d4       30%         1
 Summon Small Mammal      Summ           0%         N/A       30%         1
 Passwall                 Tmut/Erth      0%         N/A       43%         2
 Confusing Touch          Hex            0%         N/A       67%         3
 Stone Arrow              Conj/Erth      0%         3d7       67%         3
 Dispel Undead            Necr           0%         3d6       97%         4


Dungeon Overview and Level Annotations

Branches:
Dungeon (4/15)
 Temple: D:4-7

Altars:
Dithmenos
Makhleb
Okawaru

Shops:
D:1 [   D:4 !

Annotations:
D:4 Dowan, Duvessa


Innate Abilities, Weirdness & Mutations

You have extremely sharp teeth.
Your natural rate of healing is unusually fast.
When hurt, damage is shared between your health and your magic reserves.
Your bite disrupts and absorbs the magic of your enemies.
Potions cannot restore your health.


Message History

You hit Duvessa. You bite Duvessa, but do no damage.
Duvessa is heavily wounded.
Duvessa hits you with a +0 short sword.
* * * LOW HITPOINT WARNING * * *
Dowan barely misses you.
You barely miss Duvessa. You bite Duvessa, but do no damage.
Duvessa is heavily wounded.
Duvessa hits you with a +0 short sword.
* * * LOW HITPOINT WARNING * * *
Dowan hits you but does no damage.
You barely miss Duvessa.
Duvessa is heavily wounded.
Duvessa barely misses you. Dowan misses you.
You closely miss Duvessa.
Duvessa is heavily wounded.
Duvessa hits you with a +0 short sword!
* * * LOW HITPOINT WARNING * * *
Dowan hits you but does no damage.
You hit Duvessa. You bite Duvessa, but do no damage.
Duvessa is heavily wounded.
You hit Duvessa.
Duvessa is heavily wounded.
Duvessa hits you with a +0 short sword.
* * * LOW HITPOINT WARNING * * *
Dowan misses you.
As you read the scroll labelled NIOCIM OSOQAY, it crumbles to dust.
You feel strangely unstable.
It was a scroll of teleportation.
Duvessa hits you but does no damage.
Dowan whispers, "It won't be long now."
Dowan hits you with a +0 club.
* * * LOW HITPOINT WARNING * * *
It was a potion of brilliance.
You feel clever all of a sudden. Duvessa hits you with a +0 short sword.
* * * LOW HITPOINT WARNING * * *
Dowan closely misses you.
You completely miss Duvessa.
Duvessa is heavily wounded.
Duvessa hits you with a +0 short sword!
You die...

#.........#........#
#..)).....#......)))
####..##...##...##..##
#....###)..##...##..##
##....#...............
#....#.).............
#....#........!(.....
#....#.............##
#...@e....##.......#
####.e.##...##.......#
#......##...##.......'.
##.....#######.......#.
#......# ........#
#......# ........#
#......# .......
#......# #......#


You could see Duvessa and Dowan (magic disrupted).

Vanquished Creatures
  Grinder (D:3)
  Menkaure (D:4)
  Blork the orc (D:4)
  An orc priest (D:4)
  Jessica (D:2)
  An iguana (D:4)
  Natasha (D:2)
  Robin (D:4)
  5 adders
  3 dart slugs
  8 orcs
  9 ball pythons
  3 bats
  10 endoplasms
  3 giant cockroaches (D:3)
  16 goblins
  4 hobgoblins
  4 jackals
  A quokka (D:2)
  4 frilled lizards
  A kobold (D:4)
  4 rats
83 creatures vanquished.

Notes
Turn   | Place    | Note
-------+----------+-------------------------------------------
     0 | D:1      | jimonade the Vine Stalker Brigand began the quest for the
                  | Orb.
     0 | D:1      | Reached XP level 1. HP: 11/11 MP: 2/2
   137 | D:1      | Found a faded altar of an unknown god.
   250 | D:1      | Reached skill level 5 in Stealth
   285 | D:1      | Reached XP level 2. HP: 15/15 MP: 3/3
   329 | D:1      | Found Vegoaqeoli's Armour Emporium.
   821 | D:2      | Noticed Jessica
   826 | D:2      | Killed Jessica
   827 | D:2      | Reached skill level 6 in Stealth
   827 | D:2      | Reached XP level 3. HP: 18/18 MP: 4/4
  1060 | D:2      | Noticed Natasha
  1063 | D:2      | Killed Natasha
  1064 | D:2      | Gained mutation: Your natural rate of healing is unusually
                  | fast. [Vine Stalker growth]
  1064 | D:2      | Reached XP level 4. HP: 23/23 MP: 5/5
  1336 | D:2      | Found an iron altar of Okawaru.
  1836 | D:3      | Found a burning altar of Makhleb.
  1890 | D:3      | Reached skill level 1 in Dodging
  2075 | D:3      | Noticed Grinder
  2076 | D:3      | Paralysed by Grinder for 5 turns
  2077 | D:3      | Reached skill level 7 in Stealth
  2130 | D:3      | Reached XP level 5. HP: 25/26 MP: 6/6
  2273 | D:4      | Found Lekkeave's Distillery.
  2365 | D:4      | Noticed Robin
  2389 | D:4      | Noticed Blork the orc
  2428 | D:3      | Killed Grinder
  2429 | D:3      | Reached XP level 6. HP: 19/32 MP: 5/7
  2502 | D:3      | Found a shadowy altar of Dithmenos.
  2673 | D:3      | Became a worshipper of Dithmenos the Shadowed
  2683 | D:3      | You fall into a shaft and drop 1 floor!
  2719 | D:4      | Killed Blork the orc
  2852 | D:4      | Reached XP level 7. HP: 28/35 MP: 5/8
  3096 | D:4      | Noticed Menkaure
  3174 | D:4      | Noticed Duvessa
  3294 | D:4      | Killed Robin
  3336 | D:4      | Killed Menkaure
  3526 | D:4      | Noticed Dowan
  3565 | D:4      | HP: 1/36 [Duvessa/+0 short sword (3)]
  3566 | D:4      | Mangled by Duvessa

Illustrated notes

Levels and vault maps discovered:
D:1:      elethiomel_arrival_maze, layout_loops_ring, serial_shops,
          shop_fountains, ebering_ecumenical_altar_hall, minmay_splitting_lines
D:2:      layout_basic, basic_altar, roderic_roman_lattice, uniq_natasha,
          uniq_jessica
D:3:      layout_loops_ring, general_overflow_altar,
          mainiacjoe_overflow_24_doors, nicolae_hepliaklqana_monster_ancestors,
          uniq_grinder
D:4:      layout_gridville, serial_shops, nicolae_diamond_shop, uniq_duvessa,
          uniq_menkaure, uniq_blork_the_orc, uniq_robin

Skill      XL: |  1  2  3  4  5  6  7 |
---------------+----------------------+-----
Stealth        | 5 6 7 |  7.9
Throwing       | 2 |  2.0
Short Blades   | 2 3 4 |  4.2
Dodging        | 1 2 |  2.5
Fighting       | 2 3 |  3.2

Action                     |  1- 3 |  4- 6 |  7- 9 || total
---------------------------+-------+-------+-------++-------
  Melee: Dagger            |    38 |   153 |    94 ||   285
         Bite              |     3 |    35 |    30 ||    68
   Fire: Sling             |       |       |     3 ||     3
    Use: Scroll            |       |     6 |     1 ||     7
         Potion            |       |       |     1 ||     1
   Stab: Sleeping          |    19 |    10 |       ||    29
 Armour: Robe              |    11 |    50 |    18 ||    79
  Dodge: Dodged            |    21 |   106 |    52 ||   179

Table legend: (Time is in decaauts)
 A = Elapsed time spent in this place.
 B = Non-inter-level travel time spent in this place.
 C = Inter-level travel time spent in this place.
 D = Time resting spent in this place.
 E = Time spent auto-exploring this place.
 F = Levels seen in this place.
 G = Mean time per level.
                   A        B        C        D        E       F      G
               +--------+--------+--------+--------+--------+-----+--------+
         Total |   3523 |   3333 |    190 |    227 |   1785 |   4 |  880.8 |
       Dungeon |   3523 |   3333 |    190 |    227 |   1785 |   4 |  880.8 |
               +--------+--------+--------+--------+--------+-----+--------+

Top non-repeatable levels by time:
     D:2: 1027 daAuts
     D:4: 942 daAuts
     D:1: 796 daAuts
     D:3: 756 daAuts
